 Dungeon Crawl Stone Soup version 0.31-a0-703-gcfe89afef6 (webtiles) character file.

Game seed: 9657387728962202806

5 avis the Changeling (level 1, 9/9 HPs)
             Began as a Felid Shapeshifter on Sept 9, 2023.
             Got out of the dungeon alive.
             The game lasted 00:01:52 (65 turns).

avis the Changeling (Felid Shapeshifter)              Turns: 65, Time: 00:01:53

Health: 9/9        AC:  1    Str: 10    XL:     1   Next: 66%
Magic:  2/2        EV: 17    Int: 11    God:
Gold:   6          SH:  0    Dex: 15    Spells: 0/0 levels left
                                        Lives:  0   Deaths: 1

rFire   . .          .
                       - Unarmed
rCold   . . .        (shield unavailable)
rNeg    . . .        (body armour unavailable)
rPois   .            (helmet unavailable)
rElec   .            (cloak unavailable)
rCorr   .            (gloves unavailable)
SInv    +            (boots unavailable)
Will    .....        (no amulet)
Stlth   ++           (no ring)
HPRegen 0.21/turn    (no ring)
MPRegen 0.08/turn

%: no passive effects
@: beast-form, quick
A: beast (slay +1), very small, claws 1, fangs 3, see invisible, speed 1, shaggy
fur 1, stealthy paws, no weapons or thrown items, no armour, multi-lived
a: Begin Untransformation


You escaped.
You were a hulking beast.
You visited 1 branch of the dungeon, and saw 1 of its levels.

You collected 6 gold pieces.

Inventory:

Talismans
 b - a beast talisman (active)
 c - a flux talisman
Potions
 a - a potion of lignification


   Skills:
 - Level 1.0 Fighting
 * Level 3.2 Dodging
 - Level 1.0 Stealth
 - Level 3.0 Unarmed Combat
 - Level 3.2 Shapeshifting


You couldn't memorise any spells.
You didn't know any spells.
Your spell library was empty.

Dungeon Overview and Level Annotations

Branches:
Dungeon (1/15)

Altars:


Innate Abilities, Weirdness & Mutations

You are a hulking beast.
Your limbs bulge with bestial killing power. (Slay +1)
You have sharp claws.
You have razor-sharp teeth.
You have supernaturally acute eyesight. (SInv)
You cover ground quickly. (Speed+)
You are covered in fur. (AC +1)
Your paws help you pounce on unaware monsters.
You are incapable of wielding weapons or throwing items.
You cannot wear armour.
You gain extra lives every three experience levels.


Message History

You closely miss the giant cockroach. The giant cockroach bites you.
You closely miss the giant cockroach. Your bite misses the giant cockroach.
The giant cockroach closely misses you.
You completely miss the giant cockroach.
The giant cockroach bites you.
The giant cockroach completely misses you.
You closely miss the giant cockroach. You bite the giant cockroach.
The giant cockroach is moderately wounded.
The giant cockroach bites you.
You scratch the giant cockroach.
The giant cockroach is almost dead.
The giant cockroach closely misses you.
You closely miss the giant cockroach.
The giant cockroach is almost dead.
The giant cockroach closely misses you.
You scratch the giant cockroach.
You kill the giant cockroach!
Your Dodging skill increases to level 3!
You scratch the hobgoblin.
The hobgoblin is lightly wounded.
The hobgoblin barely misses you.
You claw the hobgoblin!
You kill the hobgoblin!
You scratch the hobgoblin but do no damage.
You barely miss the hobgoblin. The hobgoblin misses you.
You closely miss the hobgoblin. The goblin barely misses you.
The hobgoblin misses you.
You completely miss the hobgoblin. You bite the hobgoblin.
The hobgoblin is severely wounded.
The goblin completely misses you. The hobgoblin hits you.
You closely miss the hobgoblin.
The hobgoblin is severely wounded.
The goblin closely misses you. The hobgoblin hits you.
You die...
Your shape twists and changes as you die.
You rejoin the land of the living...
You open the door.
There is an open door here.
There is a staircase leading out of the dungeon here.
You have escaped!

#..............#..
#..............#..
#.................
#.................
#
#########'##......
#.### #.# ###.##
......
#..####'####..##
......
###..'...'..###
..... ####.h.####
.... +...'..# ...g
##+####..# .#


There were no monsters in sight!

Vanquished Creatures
  A bat (D:1)
  2 giant cockroaches (D:1)
  A hobgoblin (D:1)
4 creatures vanquished.

Notes
Turn   | Place    | Note
-------+----------+-------------------------------------------
     0 | D:1      | avis the Felid Shapeshifter began the quest for the Orb.
     0 | D:1      | Reached XP level 1. HP: 9/9 MP: 2/2
    30 | D:1      | Reached skill level 1 in Stealth
    57 | D:1      | Slain by a hobgoblin
    65 | D:$      | Got out of the dungeon alive.

Illustrated notes

Levels and vault maps discovered:
D:1:      dpeg_arrival_radiant, layout_basic, serial_shops,
          nicolae_shop_real_fake_doors

Skill      XL: |  1 |
---------------+----+-----
Stealth        | 1 |  1.0
Dodging        | 3 |  3.2
Fighting       | |  1.0
Unarmed Combat | |  3.0
Shapeshifting  | |  3.2

Action                     || total
---------------------------++-------
  Melee: Unarmed           ||    19
         Bite              ||     2
 Armour: Skin              ||     5
  Dodge: Dodged            ||    14

Table legend: (Time is in decaauts)
 A = Elapsed time spent in this place.
 B = Non-inter-level travel time spent in this place.
 C = Inter-level travel time spent in this place.
 D = Time resting spent in this place.
 E = Time spent auto-exploring this place.
 F = Levels seen in this place.
 G = Mean time per level.
                   A        B        C        D        E       F      G
               +--------+--------+--------+--------+--------+-----+--------+
         Total |     57 |     56 |      1 |      0 |     11 |   1 |   57.0 |
       Dungeon |     57 |     56 |      1 |      0 |     11 |   1 |   57.0 |
               +--------+--------+--------+--------+--------+-----+--------+

Top non-repeatable levels by time:
     D:1: 57 daAuts
